 Dungeon Crawl Stone Soup version 0.18.1-48-g4cf74bf (webtiles) character file.

62 atgrul the Digger (level 4, 0/30 HPs)
             Began as a Formicid Earth Elementalist on July 30, 2016.
             Slain by an adder (1 damage)
             ... on level 2 of the Dungeon.
             The game lasted 00:05:35 (1707 turns).

atgrul the Digger (Formicid Earth Elementalist)     Turns: 1707, Time: 00:05:44

Health: 0/30       AC:  2    Str: 12    XL:     4   Next: 28%
Magic:  3/7        EV: 12    Int: 16    God:
Gold:   23         SH:  0    Dex: 11    Spells: 2 memorised, 3 levels left

rFire  . . .     SeeInvis +     e - +0 dagger
rCold  . . .     Gourm    .     a - +0 robe
rNeg   . . .     Faith    .     (no shield)
rPois  .         Spirit   .     (helmet unavailable)
rElec  .         Dismiss  .     (no cloak)
rCorr  .         Reflect  .     (no gloves)
SustAt .         Harm     .     (no boots)
MR     .....                    (no amulet)
Stlth  ++........               (no ring)
                                (no ring)

@: lethally poisoned (0 -> -5), not resistant to hostile enchantments,
unstealthy
A: permanent stasis, dig shafts and tunnels, four strong arms, antennae 3
a: Dig, Shaft Self


You were on level 2 of the Dungeon.
You were not hungry.

You visited 1 branch of the dungeon, and saw 2 of its levels.

You collected 23 gold pieces.

Inventory:

Hand Weapons
 e - a +0 dagger (weapon)
Missiles
 b - 91 stones (quivered)
Armour
 a - a +0 robe (worn)
Scrolls
 g - a scroll of fear {unknown}
 h - a scroll of remove curse {unknown}
 k - a scroll of recharging {unknown}
Potions
 f - 2 potions of agility {unknown}
 j - a potion of beneficial mutation {unknown}
 m - a potion of haste {unknown}
Books
 c - a book of Geomancy

   Spells                             Type                      Level
   a - Sandblast                      Earth                        1
   b - Passwall                       Transmutation/Earth          2
   c - Stone Arrow                    Conjuration/Earth            3
   d - Petrify                        Transmutation/Earth          4
   e - Lee's Rapid Deconstruction     Earth                        5
Comestibles
 d - 2 bread rations
 i - a meat ration
 l - 4 chunks of flesh


   Skills:
 - Level 0.2 Short Blades
 - Level 1.7 Dodging
 - Level 2.4 Stealth
 - Level 2.1 Spellcasting
   Level 1.1 Transmutations
 * Level 5.8 Earth Magic


You had 3 spell levels left.
You knew the following spells:

 Your Spells              Type           Power        Failure   Level  Hunger
a - Sandblast             Erth           ###...       1%          1    #......
b - Stone Arrow           Conj/Erth      ##....       21%         3    ###....


Dungeon Overview and Level Annotations

Branches:
Dungeon (2/15)

Altars:
Ashenzari
Okawaru

Annotations:
D:2 Ijyb, Sigmund


Innate Abilities, Weirdness & Mutations

You are under a permanent stasis effect.
You can dig through walls and to a lower floor.
Your four strong arms can wield two-handed weapons with a shield.
You have a pair of large antennae on your head (SInv).


Message History

The adder is severely wounded.
You feel sick. The adder bites you.
You are more poisoned.
The adder poisons you! The kobold hits you but does no damage.
The adder closely misses you.
You miss the adder.
The adder is severely wounded.
The kobold hits you but does no damage. The adder closely misses you.
You closely miss the adder.
The adder is severely wounded.
You feel sick. The kobold closely misses you. The adder bites you.
* * * LOW HITPOINT WARNING * * *
You hit the adder but do no damage.
The adder is severely wounded.
* * * LOW HITPOINT WARNING * * *
You feel sick. The adder closely misses you.
The kobold hits you with a short sword.
* * * LOW HITPOINT WARNING * * *
The adder bites you.
You die...

#####..........#....#
# ##.######.####..#
##### #.###..# #
#....##......# .#
#.........####### .
#..##.###..)(..[..
######
#<.......###†######
...... #...
##...###.#######
#.g.. ### ...
##..K@S.......# #.
..# ..
##.###).####.....####
.## . {
##.####((###..##.....
## {
..............#######
# ...[..#........ # #
..)..#$........ #
..K..#......... #
.... .......... # ...
.#......... #


You could see an adder and a kobold.

Vanquished Creatures
  2 adders
  An ooze (D:1)
  2 dart slugs
  3 giant cockroaches
  4 goblins (D:1)
  6 hobgoblins
  3 jackals (D:1)
  5 bats
  4 kobolds
  5 rats
35 creatures vanquished.

Notes
Turn   | Place    | Note
--------------------------------------------------------------
     0 | D:1      | atgrul the Formicid Earth Elementalist began the quest for the Orb.
     0 | D:1      | Reached XP level 1. HP: 13/13 MP: 3/3
   358 | D:1      | Found an iron altar of Okawaru.
   376 | D:1      | Reached skill level 4 in Earth Magic
   376 | D:1      | Reached XP level 2. HP: 17/19 MP: 0/5
   683 | D:1      | Reached XP level 3. HP: 6/24 MP: 1/6
  1054 | D:1      | Reached skill level 5 in Earth Magic
  1454 | D:2      | Noticed Ijyb
  1459 | D:2      | Noticed Sigmund
  1499 | D:2      | Found a shattered altar of Ashenzari.
  1503 | D:2      | Reached XP level 4. HP: 30/30 MP: 3/7
  1511 | D:2      | Learned a level 3 spell: Stone Arrow
  1707 | D:2      | HP: 1/30 [kobold/short sword (5)]
  1707 | D:2      | Slain by an adder

Skill      XL: |  1  2  3 |
---------------+----------+-----
Earth Magic    | 4 5 |  5.8
Short Blades   | |  0.2
Dodging        | |  1.7
Stealth        | |  2.4
Spellcasting   | |  2.1
Transmutations | |  1.1

Action                   |  1- 3 |  4- 6 || total
-------------------------+-------+-------++-------
Melee: Dagger            |    37 |     7 ||    44
       Unarmed           |     3 |       ||     3
Throw: Stone             |    33 |     9 ||    42
 Cast: Sandblast         |    52 |    12 ||    64
  Eat: Bread ration      |     1 |       ||     1
Armor: Robe              |    16 |     4 ||    20
Dodge: Dodged            |    68 |    10 ||    78
